 Dungeon Crawl Stone Soup version 0.28.0 (webtiles) character file.

Game seed: 15204755419037385039

30 tilp the Chopper (level 3, -3/33 HPs)
             Began as a Hill Orc Fighter on Feb 18, 2022.
             Killed from afar by a white imp (7 damage)
             ... with a puff of frost
             ... summoned by Natasha
             ... on level 2 of the Dungeon.
             The game lasted 00:01:53 (959 turns).

tilp the Chopper (Hill Orc Fighter)                  Turns: 959, Time: 00:01:53

Health: -3/33      AC:  6    Str: 20    XL:     3   Next: 20%
Magic:  3/3        EV:  9    Int:  8    God:
Gold:   81         SH:  4    Dex: 10    Spells: 2/2 levels left

rFire   . . .      SeeInvis .   a - +1 war axe
rCold   . . .      Faith    .   c - +0 buckler
rNeg    . . .      Spirit   .   b - +0 scale mail
rPois   .          Reflect  .   (no helmet)
rElec   .          Harm     .   (no cloak)
rCorr   .          Rampage  .   (no gloves)
Will    .....                   (no boots)
Stlth   ..........              (no amulet)
HPRegen 0.11/turn               (no ring)
MPRegen 0.08/turn               (no ring)

@: slowed, very slow
A: no striking features
a: no special abilities


You were on level 2 of the Dungeon.
You visited 1 branch of the dungeon, and saw 2 of its levels.

You collected 81 gold pieces.

Inventory:

Hand Weapons
 a - a +1 war axe (weapon)
Missiles
 e - 16 stones (quivered)
 g - 3 curare-tipped darts
 j - 5 boomerangs
Armour
 b - a +0 scale mail (worn)
 c - a +0 buckler (worn)
Scrolls
 f - a scroll of vulnerability {unknown}
 h - a scroll of immolation {unknown}
 i - a scroll of amnesia {unknown}
Potions
 d - a potion of might


   Skills:
 - Level 4.0 Fighting
 + Level 4.4 Axes
 - Level 3.2 Armour
 - Level 3.2 Shields


You had 2 spell levels left.
You didn't know any spells.
Your spell library was empty.

Dungeon Overview and Level Annotations

Branches:
Dungeon (2/15)

Altars:

Shops:
D:2 (

Annotations:
D:2 Natasha


Message History

You closely miss Natasha.
Natasha casts a spell.
The hobgoblin barely misses you. Natasha casts a spell at you.
You feel yourself slow down.
You hit Natasha but do no damage. You slash the hobgoblin!
You kill the hobgoblin!
You hit the white imp. Natasha claws you! You block the white imp's attack.
Natasha casts a spell at you. The magic dart hits you.
The white imp hits you but does no damage.
You are too injured to fight recklessly!
Unknown command.
You are too injured to fight recklessly!
You are too injured to fight recklessly!
Unknown command.
You are too injured to fight recklessly!
You are too injured to fight recklessly!
You hit Natasha.
Natasha is lightly wounded.
You hit the white imp but do no damage. Natasha casts a spell at you.
You resist with significant effort.
The white imp hits you but does no damage.
Natasha barely misses you.
You completely miss Natasha.
Natasha is lightly wounded.
You barely miss the white imp.
The white imp hits you but does no damage.
Natasha claws you!
* * * LOW HITPOINT WARNING * * *
The white imp hits you but does no damage.
Natasha claws you.
* * * LOW HITPOINT WARNING * * *
You barely miss Natasha.
Natasha is lightly wounded.
You hit the white imp. The white imp gestures at you.
The puff of frost hits you!
You die...

+#.....#.........#
.......#..†......##
........).........#
......#..###......#
...........#......#
+#.........#......#
...........#......#
#.......5..#......#
#.....†@...########
......h....#
...........#
...........#
.........###
.........#
..........
..........


You could see Natasha and a white imp (summoned).

Vanquished Creatures
  A worm (D:2)
  2 endoplasms (D:2)
  3 goblins
  7 hobgoblins
  2 quokkas
  3 ball pythons (D:1)
  4 bats
  2 frilled lizards (D:1)
  A kobold (D:1)
  2 rats (D:1)
27 creatures vanquished.

Notes
Turn   | Place    | Note
-------+----------+-------------------------------------------
     0 | D:1      | tilp the Hill Orc Fighter began the quest for the Orb.
     0 | D:1      | Reached XP level 1. HP: 19/19 MP: 1/1
    37 | D:1      | Found a faded altar of an unknown god.
   145 | D:1      | Reached XP level 2. HP: 27/27 MP: 2/2
   801 | D:2      | Reached XP level 3. HP: 26/33 MP: 3/3
   922 | D:2      | Found Goonaed's Weapon Emporium.
   950 | D:2      | Noticed Natasha
   959 | D:2      | Killed from afar by a white imp

Illustrated notes

Levels and vault maps discovered:
D:1:      ncdulo_wetmaze, layout_loops_cross, nicolae_ecumenical_lake_church
D:2:      layout_basic, serial_shops, nicolae_shop_bloodbath_and_beyond,
          basic_altar, uniq_natasha

Skill      XL: |  1  2 |
---------------+-------+-----
Axes           | 3 4 |  4.4
Fighting       | 4 |  4.0
Armour         | |  3.2
Shields        | |  3.2

Action                   || total
-------------------------++-------
Melee: War axe           ||    63
  Use: Scroll            ||     2
Armor: Scale mail        ||    27
Dodge: Dodged            ||    23
Block: Buckler           ||    14
